 Dungeon Crawl Stone Soup version 0.28-a0-422-gd71735cc25 (webtiles) character file.

Game seed: 17539333427572460205

519 robertstho the Magician (level 7, 0/49 HPs)
             Began as a Djinni Fire Elementalist on Sept 8, 2021.
             Slain by Duvessa (17 damage)
             ... on level 4 of the Dungeon.
             The game lasted 00:06:41 (3877 turns).

robertstho the Magician (Djinni Fire Elementalist)  Turns: 3877, Time: 00:06:41

Health: 0/49       AC:  2    Str:  7    XL:     7   Next: 45%
Gold:   218        EV: 12    Int: 19    God:
                   SH:  0    Dex: 13

rFire   + + +      SeeInvis .   (no weapon)
rCold   x . .      Faith    .   (no shield)
rNeg    . . .      Spirit   .   a - +0 robe
rPois   ∞          Reflect  .   (no helmet)
rElec   .          Harm     .   (no cloak)
rCorr   .          Rampage  .   (no gloves)
Will    .....                   (boots unavailable)
Stlth   +.........              i - amulet of regeneration
HPRegen 1.16/turn               b - ring of fire
MPRegen 0.00/turn               k - ring of protection from cold

@: confused, ambrosia-drunk, flying
A: sickness immunity, fire resistance 2, cold vulnerability 1, float, innate
caster, hp casting, extra vitality 1
a: no special abilities


You were on level 4 of the Dungeon.
You visited 1 branch of the dungeon, and saw 4 of its levels.
You also visited: Ossuary.

You collected 218 gold pieces.

Inventory:

Missiles
 g - a throwing net
Armour
 a - a +0 robe (worn)
 n - a +3 leather armour of cold resistance
Jewellery
 b - a ring of fire (left hand)
 i - an amulet of regeneration (around neck)
 k - a ring of protection from cold (right hand)
Scrolls
 d - 3 scrolls of magic mapping {unknown}
 e - a scroll of immolation {unknown}
 f - a scroll of fog {unknown}
 j - 2 scrolls of enchant armour {unknown}
 m - a scroll of noise {unknown}
 s - 2 scrolls of identify
Potions
 c - a potion of magic {unknown}
 h - a potion of ambrosia
 l - a potion of flight {unknown}
 o - 2 potions of might {unknown}
 p - a potion of degeneration {unknown}
 q - 2 potions of attraction {unknown}


   Skills:
 * Level 2.4 Fighting
 + Level 2.9 Dodging
 + Level 2.3 Stealth
 * Level 5.4 Spellcasting


You couldn't memorise any spells.
You knew the following spells:

 Your Spells              Type           Power      Damage    Failure   Level
a - Foxfire               Conj/Fire      100%       2x1d9     1%          1
b - Scorch                Fire           76%        2d9       1%          2
c - Conjure Flame         Conj/Fire      38%        6-21      3%          3
d - Inner Flame           Hex/Fire       38%        N/A       3%          3
e - Flame Wave            Conj/Fire      38%        3d8       13%         4
f - Summon Small Mammal   Summ           100%       N/A       1%          1
g - Wereblood             Tmut           25%        N/A       1%          2
h - Mephitic Cloud        Conj/Pois/Air  25%        N/A       3%          3
Your spell library was empty.

Dungeon Overview and Level Annotations

Branches:
Dungeon (4/15)            Ossuary (visited)
 Temple: D:4-7

Altars:

Shops:
D:1 ?

Annotations:
D:1 Scroll shop
D:4 Duvessa


Innate Abilities, Weirdness & Mutations

You are immune to sickness and miasma.
You are immune to poison.
Your flesh is very heat resistant. (rF++)
You are vulnerable to cold. (rC-)
You float through the air rather than walking.
You learn spells naturally, not from books.
Your magical power is your life essence.
You have superior vitality. (+4 HP)


Message History

Restarting spell: Flame Wave (quite dangerous; 14% risk of failure)
Press: ? - help, Dir - look around, f - activate You feel a surge of power!
A wave of flame ripples out!
The flame wave engulfs Dowan!
Dowan is severely wounded.
The flame wave engulfs Duvessa!
Duvessa is moderately wounded. (Press . to intensify the flame waves.) Duvessa hits you with a +0 rapier!
Dowan casts a spell at you.
You easily resist.
Unknown command.
A wave of flame ripples out!
The flame wave engulfs Dowan!
You kill Dowan!
Duvessa weeps, then rights herself and shakes her weapon.
Duvessa goes berserk!
The flame wave engulfs Duvessa.
Duvessa is moderately wounded.
Duvessa closely misses you. Duvessa hits you with a +0 rapier!
Unknown command.
A wave of flame ripples out!
The flame wave engulfs Duvessa!
Duvessa is heavily wounded.
* * * LOW HITPOINT WARNING * * *
You finish channelling waves of flame.
Duvessa barely misses you.
Okay, then.
Casting: Flame Wave (quite dangerous; 13% risk of failure)
Confirm with . or Enter, or press ? or * to list all spells.
Okay, then.
You aren't carrying any items that you can evoke.
This is a scroll of acquirement!
Something appears before you! Duvessa barely misses you. x2
You are confused.
You feel invigorated. Duvessa hits you with a +0 rapier!!
* * * LOW HITPOINT WARNING * * *
Unknown command.
Duvessa closely misses you.
Duvessa rages.
Duvessa hits you with a +0 rapier.
* * * LOW HITPOINT WARNING * * *
Duvessa hits you with a +0 rapier!
You die...

.# ## ###.......... .
##. ..# ##...###>#.
#.#.. #.# ##.## #.#.
#.... #.# #.# #.#.
#.#.###.# #.# #.##
#...)##.# #.# #.##
#..))##.######.####.#
###...................#
#......@e.#####.#######
.................#
##..........######
####...###.# #...# #.#
.....# #.. ####### ####


You could see Duvessa (berserk).

Vanquished Creatures
  Eustachio (D:4)
  Dowan (D:4)
  2 centaur zombies (Ossuary)
  A human zombie (Ossuary)
  4 hound zombies (Ossuary)
  A hound skeleton (D:3)
  3 mummies (Ossuary)
  A howler monkey skeleton (D:3)
  2 adders (D:2)
  6 adder zombies
  2 adder skeletons (D:3)
  3 dart slugs
  An orc (D:3)
  6 ball pythons
  4 endoplasms
  4 giant cockroaches
  3 gnoll zombies (Ossuary)
  4 goblins
  6 hobgoblins
  6 kobolds
  A quokka (D:1)
  A ball python skeleton (D:3)
  6 bats
  3 frilled lizards
  A goblin zombie (Ossuary)
  8 hobgoblin zombies (Ossuary)
  2 jackal zombies (Ossuary)
  6 kobold zombies (Ossuary)
  2 orc zombies (Ossuary)
  3 quokka zombies (Ossuary)
  4 rats
98 creatures vanquished.

Vanquished Creatures (collateral kills)
  2 foxfires (D:3)
2 creatures vanquished.

Vanquished Creatures (others)
  357 foxfires
  2 withered plants (D:3)
359 creatures vanquished.

Grand Total: 459 creatures vanquished

Notes
Turn   | Place    | Note
-------+----------+-------------------------------------------
     0 | D:1      | robertstho the Djinni Fire Elementalist began the quest for
                  | the Orb.
     0 | D:1      | Reached XP level 1. HP: 15/15 MP: 0/0
   398 | D:1      | Reached XP level 2. HP: 18/21 MP: 0/0
   444 | D:1      | Found Hogu's Magic Scroll Emporium.
  1444 | D:2      | Reached skill level 3 in Spellcasting
  1444 | D:2      | Reached XP level 3. HP: 20/26 MP: 0/0
  1444 | D:2      | Learned a level 1 spell: Summon Small Mammal
  2360 | D:2      | Reached XP level 4. HP: 30/31 MP: 0/0
  2817 | D:3      | Reached skill level 1 in Fighting
  3056 | D:3      | Reached XP level 5. HP: 31/37 MP: 0/0
  3056 | D:3      | Learned a level 2 spell: Wereblood
  3249 | D:4      | Noticed Eustachio
  3261 | D:4      | Killed Eustachio
  3262 | D:4      | Reached skill level 4 in Spellcasting
  3262 | D:4      | Reached XP level 6. HP: 16/43 MP: 0/0
  3265 | D:4      | Found a sand-covered staircase.
  3274 | Ossuary  | Entered an ossuary
  3473 | Ossuary  | Reached XP level 7. HP: 18/49 MP: 0/0
  3473 | Ossuary  | Learned a level 3 spell: Mephitic Cloud
  3522 | Ossuary  | Reached skill level 5 in Spellcasting
  3864 | D:4      | Noticed Duvessa
  3864 | D:4      | Noticed Dowan
  3870 | D:4      | Killed Dowan
  3872 | D:4      | Identified a scroll of acquirement
  3872 | D:4      | Acquired a +3 vampiric great sword
  3877 | D:4      | Slain by Duvessa

Illustrated notes

Levels and vault maps discovered:
D:1:      mrwooster_arrival_statue_2, layout_loops_ring, serial_shops, shop
D:2:      layout_rooms, grunt_decor_cap
D:3:      layout_loops_cross, serial_undead, serial_undead_b, serial_undead_e,
          serial_undead_c, serial_undead_d, serial_undead_c
D:4:      layout_loops_ring, chequers_ossuary_entry_cave, minmay_misc_feat_iff,
          uniq_duvessa, uniq_eustachio

Skill      XL: |  1  2  3  4  5  6  7 |
---------------+----------------------+-----
Spellcasting   | 3 4 5 |  5.4
Stealth        | 2 |  2.3
Fighting       | 1 2 |  2.4
Dodging        | |  2.9

Action                   |  1- 3 |  4- 6 |  7- 9 || total
-------------------------+-------+-------+-------++-------
Melee: Unarmed           |     1 |       |    12 ||    13
 Cast: Foxfire           |    89 |   143 |     4 ||   236
       Scorch            |       |    30 |    11 ||    41
       Flame Wave        |       |     1 |     4 ||     5
  Use: Scroll            |       |     3 |     1 ||     4
       Potion            |       |       |     1 ||     1
Armor: Robe              |     1 |     8 |     6 ||    15
Dodge: Dodged            |     5 |    33 |    16 ||    54

Table legend: (Time is in decaauts)
 A = Elapsed time spent in this place.
 B = Non-inter-level travel time spent in this place.
 C = Inter-level travel time spent in this place.
 D = Time resting spent in this place.
 E = Time spent auto-exploring this place.
 F = Levels seen in this place.
 G = Mean time per level.
                   A        B        C        D        E       F      G
               +--------+--------+--------+--------+--------+-----+--------+
         Total |   3875 |   3836 |     39 |     22 |   3182 |   5 |  775.0 |
       Dungeon |   3486 |   3447 |     39 |      0 |   2989 |   4 |  871.5 |
       Ossuary |    388 |    388 |      0 |     22 |    193 |   1 |  388.0 |
               +--------+--------+--------+--------+--------+-----+--------+

Top non-repeatable levels by time:
     D:1: 1355 daAuts
     D:2: 1143 daAuts
     D:3: 631 daAuts
 Ossuary: 388 daAuts
     D:4: 356 daAuts
